 Dungeon Crawl Stone Soup version 0.31-a0-167-g1c394c0614 (webtiles) character file.

Game seed: 11514773770426497576

73 qw the Chopper (level 4, 0/28 HPs)
             Began as a Gargoyle Fighter on June 14, 2023.
             Killed from afar by an orc wizard (4 damage)
             ... with a magic dart
             ... on level 3 of the Dungeon.
             The game lasted 00:00:56 (1817 turns).

qw the Chopper (Gargoyle Fighter)                   Turns: 1817, Time: 00:00:56

Health: 0/28       AC: 11    Str: 22    XL:     4   Next: 27%
Magic:  4/4        EV:  9    Int:  8    God:
Gold:   95         SH:  4    Dex:  9    Spells: 3/3 levels left

rFire   . . .        Y - +0 war axe
rCold   . . .        c - +0 buckler
rNeg    + . .        b - +0 scale mail
rPois   inf          h - +0 helmet
rElec   +            (no cloak)
rCorr   .            (no gloves)
SInv    .            (no boots)
Will    .....        (no amulet) Stlth
                     (no ring)
HPRegen 0.24/turn    (no ring)
MPRegen 0.09/turn

%: no passive effects
@: no status effects
A: sickness immunity, AC +3, negative energy resistance 1, electricity
resistance, torment resistance 1, petrification resistance
a: no special abilities


You were on level 3 of the Dungeon.
You visited 1 branch of the dungeon, and saw 3 of its levels.

You collected 95 gold pieces.


Innate Abilities, Weirdness & Mutations

You are immune to sickness and miasma.
Your stone body is resilient. (AC +3)
You are immune to poison.
You resist negative energy. (rN+)
You are resistant to electric shocks. (rElec)
You are resistant to unholy torment.
You are immune to petrification.


   Skills:
 - Level 3.2 Fighting
 + Level 4.0 Axes
 - Level 3.2 Armour
 - Level 3.2 Shields


You had 3 spell levels left.
You didn't know any spells.
Your spell library was empty.

Inventory:

Hand Weapons
 k - a +0 mace
 Y - a +0 war axe (weapon)
Armour
 b - a +0 scale mail (worn)
 c - a +0 buckler (worn)
 h - a +0 helmet (worn)
Scrolls
 a - 2 scrolls of identify
Potions
 d - 2 potions of might
 e - 3 potions of resistance
 f - a potion of heal wounds {unknown}

Dungeon Overview and Level Annotations

Branches:
Dungeon (3/15)

Altars:


Message History

You hear some strange, mumbled words.
You are confused.
The adder barely misses you. The adder bites you but does no damage.
Something hits you but does no damage. The adder bites you but does no damage.
Something hits you but does no damage. The adder bites you.
Something hits you but does no damage. The adder bites you but does no damage.
The adder bites you but does no damage. Something hits you but does no damage.
The adder bites you. Something hits you but does no damage.
The adder closely misses you. Something hits you.
You feel less confused. The adder barely misses you. Something hits you.
The adder bites you but does no damage.
You barely miss the adder. You miss something. You block the adder's attack.
Something hits you but does no damage. The adder barely misses you.
You slash the adder!
You kill the adder!
You barely miss something. Something hits you but does no damage.
Your Axes skill increases to level 4!
You closely miss the orc. You miss something. You block something's attack.
The orc closely misses you.
The orc hits you with a +3 dagger of venom.
You hear some strange, mumbled words.
You are confused.
You hear a shout!
Something hits you but does no damage. The orc hits you but does no damage.
An orc comes into view. It is wielding a +0 club.
The orc closely misses you. Something hits you.
You hear some strange, mumbled words.
Something tries to affect you, but you resist.
The orc closely misses you. The orc barely misses you.
Something hits you but does no damage. The orc barely misses you.
The orc closely misses you.
You feel less confused.
You hear some strange, mumbled words.
A magic dart appears from out of thin air!
The magic dart hits you.
You die...

### ### .. #.. .# # #.#
###.####.###.####.##
#.....oo)..........#####
#@{# #...........# #..#
######..###.# #..#
#......[..... #..#
#.####.####.# ...####..#
#.# #.# #.# #.......#
#.## #.# #.#
...####.####..###.# #.#
#...........# #.#
#######.##### #.#


You could see 2 orcs.

Vanquished Creatures
  An adder (D:3)
  2 worms
  A dart slug (D:1)
  6 orcs (D:3)
  2 endoplasms (D:2)
  2 giant cockroaches (D:1)
  7 goblins
  6 hobgoblins
  2 quokkas
  3 ball pythons
  6 bats
  4 frilled lizards
  2 kobolds (D:1)
  3 rats
47 creatures vanquished.

Notes
Turn   | Place    | Note
-------+----------+-------------------------------------------
     0 | D:1      | qw the Gargoyle Fighter began the quest for the Orb.
     0 | D:1      | Reached XP level 1. HP: 14/14 MP: 1/1
     0 | D:1      | 0 ||| qw: Version: 0.2-a-29-g1fa15c8
     0 | D:1      | 0 ||| qw: Game counter: 4966
     0 | D:1      | 0 ||| qw: Always use a shield: true
     0 | D:1      | 0 ||| qw: God list: Okawaru
     0 | D:1      | 0 ||| qw: Allow faded altars: false
     0 | D:1      | 0 ||| qw: Do Orc after D:15 true
     0 | D:1      | 0 ||| qw: Do second Lair branch before Depths: true
     0 | D:1      | 0 ||| qw: Lair rune preference: random
     0 | D:1      | 0 ||| qw: Plans: Normal, Zot:1-4, Slime:5, God:TSO, Crypt,
                  | Tomb, Abyss, Pan, Hells, Win
     0 | D:1      | 0 ||| PLANNING D:1-11
    81 | D:1      | Reached skill level 2 in Axes
    99 | D:1      | 99 ||| Stepping ~*~*~tactically~*~*~ (stealth).
   101 | D:1      | 101 ||| Stepping ~*~*~tactically~*~*~ (stealth).
   105 | D:1      | 105 ||| Stepping ~*~*~tactically~*~*~ (stealth).
   108 | D:1      | 108 ||| Stepping ~*~*~tactically~*~*~ (stealth).
   109 | D:1      | 109 ||| Stepping ~*~*~tactically~*~*~ (stealth).
   129 | D:1      | Reached XP level 2. HP: 19/19 MP: 2/2
   612 | D:1      | 612 ||| UPGRADING to +0 helmet.
   617 | D:1      | 617 ||| READING scroll labelled ADETTITW GUK YXO.
   618 | D:1      | 618 ||| READING scroll labelled KEOSEDINKY.
   619 | D:1      | 619 ||| READING scroll labelled ZEHIHO QACWU.
   620 | D:1      | 620 ||| READING scroll labelled IGUZUMUIST.
   621 | D:1      | 621 ||| DRINKING 2 silvery potions.
   654 | D:2      | Reached skill level 3 in Axes
   823 | D:2      | Reached XP level 3. HP: 23/23 MP: 3/3
  1077 | D:2      | 1077 ||| Stepping ~*~*~tactically~*~*~ (hiding).
  1079 | D:2      | 1079 ||| Stepping ~*~*~tactically~*~*~ (hiding).
  1120 | D:2      | 1120 ||| Stepping ~*~*~tactically~*~*~ (hiding).
  1121 | D:2      | 1121 ||| Stepping ~*~*~tactically~*~*~ (hiding).
  1122 | D:2      | 1122 ||| Stepping ~*~*~tactically~*~*~ (hiding).
  1463 | D:2      | 1463 ||| DROPPING +0 club.
  1609 | D:2      | 1609 ||| READING scroll labelled DEUTYA UFOET.
  1612 | D:2      | 1612 ||| READING scroll labelled CIRPHU FOEMIOM.
  1613 | D:2      | 1613 ||| READING 2 scrolls of identify.
  1613 | D:2      | 1613 ||| IDENTIFYING purple potion
  1614 | D:2      | 1614 ||| DROPPING potion of invisibility.
  1679 | D:3      | 1679 ||| Stepping ~*~*~tactically~*~*~ (stealth).
  1682 | D:3      | 1682 ||| Stepping ~*~*~tactically~*~*~ (stealth).
  1683 | D:3      | 1683 ||| Stepping ~*~*~tactically~*~*~ (stealth).
  1693 | D:3      | Reached XP level 4. HP: 28/28 MP: 4/4
  1774 | D:3      | 1774 ||| Stepping ~*~*~tactically~*~*~ (stealth).
  1807 | D:3      | HP: 7/28 [adder (1)]
  1812 | D:3      | Reached skill level 4 in Axes
  1812 | D:3      | HP: 4/28 [orc/+3 dagger of venom (2)]
  1817 | D:3      | Killed from afar by an orc wizard

Levels and vault maps discovered:
D:1:      nzn_arrival_settlement, layout_loops_ring, st_stairs_12
D:2:      layout_loops_corners
D:3:      layout_loops_ring

Skill      XL: |  1  2  3  4 |
---------------+-------------+-----
Axes           | 2 3 4 |  4.0
Fighting       | |  3.2
Armour         | |  3.2
Shields        | |  3.2

Action                     |  1- 3 |  4- 6 || total
---------------------------+-------+-------++-------
  Melee: War axe           |   113 |    20 ||   133
    Use: Scroll            |     7 |       ||     7
         Potion            |     1 |       ||     1
 Armour: Scale mail        |    45 |    50 ||    95
  Dodge: Dodged            |    51 |    29 ||    80
  Block: Buckler           |    16 |     9 ||    25

Table legend:
 A = Non-vault XP
 B = Vault XP
 C = Vault XP percentage of total XP
 D = Non-vault monster count
 E = Vault monster count
 F = Vault count percentage of total count
                 A         B        C        D         E       F
            +---------+---------+-------+---------+---------+-------
      Total |     103 |       2 |   1.9 |      46 |       1 |   2.1
            +---------+---------+-------+---------+---------+-------
        D:1 |      27 |       2 |   6.9 |      17 |       1 |   5.6
        D:2 |      38 |       0 |   0.0 |      20 |       0 |   0.0
        D:3 |      38 |       0 |   0.0 |       9 |       0 |   0.0
            +---------+---------+-------+---------+---------+-------
